 Dungeon Crawl Stone Soup version 0.28-b1-25-g9875b3fc8c (webtiles) character file.

Game seed: 5994441879533012087

59 croobank the Conjurer (level 4, 0/32 HPs)
             Began as a Gnoll Conjurer on Feb 1, 2022.
             Slain by Pargi (3 damage)
             ... on level 3 of the Dungeon.
             The game lasted 00:09:33 (2595 turns).

croobank the Conjurer (Gnoll Conjurer)              Turns: 2595, Time: 00:09:33

Health: 0/32       AC:  3    Str:  6    XL:     4   Next: 3%
Magic:  1/11       EV: 13    Int: 20    God:
Gold:   92         SH:  0    Dex: 10    Spells: 7/13 levels left

rFire   . . .      SeeInvis .   a - +0 short sword
rCold   . . .      Faith    .   (no shield)
rNeg    . . .      Spirit   .   d - +0 robe
rPois   .          Reflect  .   (no helmet)
rElec   .          Harm     .   (no cloak)
rCorr   .          Rampage  .   (no gloves)
Will    .....                   g - +0 pair of boots
Stlth   +.........              (no amulet)
HPRegen 0.10/turn               (no ring)
MPRegen 0.12/turn               (no ring)

@: mighty, unable to read, very slow
A: fangs 1, strong nose, distributed training, mutation resistance 1, inability
to read while threatened
a: no special abilities


You were on level 3 of the Dungeon.
You visited 1 branch of the dungeon, and saw 3 of its levels.
You also visited: Sewer.

You collected 92 gold pieces.

Inventory:

Hand Weapons
 a - a +0 short sword (weapon)
 f - a +0 dagger
Missiles
 e - 52 stones
 i - 5 poisoned darts (quivered)
 j - 18 arrows
 k - 28 bolts
 n - 15 sling bullets
Armour
 d - a +0 robe (worn)
 g - a +0 pair of boots (worn)
 p - a +0 chain mail
Wands
 h - a wand of flame (7)
Scrolls
 l - a scroll of enchant weapon
 m - 2 scrolls of enchant armour
Potions
 b - a potion of flight
 c - a potion of curing
 q - a potion of might


   Skills:
 + Level 1.0 Fighting
 + Level 1.0 Short Blades
 + Level 1.0 Long Blades
 + Level 1.0 Axes
 + Level 1.0 Maces & Flails
 + Level 1.0 Polearms
 + Level 1.0 Staves
 + Level 1.0 Slings
 + Level 1.0 Bows
 + Level 1.0 Crossbows
 + Level 1.0 Throwing
 + Level 1.0 Armour
 + Level 4.6 Dodging
 + Level 4.2 Stealth
 + Level 1.0 Shields
 + Level 1.0 Unarmed Combat
 + Level 5.0 Spellcasting
 + Level 7.1 Conjurations
 + Level 0.7 Hexes
 + Level 0.7 Summonings
 + Level 0.7 Necromancy
 + Level 0.7 Translocations
 + Level 0.7 Transmutations
 + Level 0.7 Fire Magic
 + Level 0.7 Ice Magic
 + Level 0.7 Air Magic
 + Level 0.7 Earth Magic
 + Level 0.7 Poison Magic
 + Level 1.1 Invocations
 + Level 1.0 Evocations


You had 7 spell levels left.
You knew the following spells:

 Your Spells              Type           Power      Damage    Failure   Level
a - Magic Dart            Conj           100%       1d8       1%          1
b - Searing Ray           Conj           66%        2d6       1%          2
c - Dazzling Flash        Conj/Hex       40%        N/A       7%          3

Your spell library contained the following spells:

 Spells                   Type           Power      Damage    Failure   Level
 Fulminant Prism          Conj/Hex       10%        3d9       22%         4
 Iskenderun's Mystic Bla  Conj/Tloc      20%        2d6       22%         4


Dungeon Overview and Level Annotations

Branches:
Dungeon (3/15)              Sewer (visited)

Altars:
Dithmenos

Shops:
D:2 [   D:3 (

Annotations:
D:3 Pargi


Innate Abilities, Weirdness & Mutations

You have very sharp teeth.
Your uncanny sense of smell can sniff out nearby items.
Your experience applies equally to all skills.
You are somewhat resistant to further mutation.
You sometimes lose the ability to read scrolls when taking damage.


Message History

Okay, then.
Okay, then.
You see here a giant cockroach corpse.
You enter the shallow water.
Moving in this stuff is going to be slow.
Pargi closely misses you. Pargi barely misses you. x2
Casting: Searing Ray (safe; 1% risk of failure)
Confirm with . or Enter, or press ? or * to list all spells.
Aiming: Searing Ray (safe; 1% risk of failure)
Press: ? - help, Shift-Dir - straight line, f - Pargi
Aim: Pargi (76% to hit)
The searing ray misses Pargi. (Press . to maintain the ray.) Pargi closely misses you.
Pargi claws you but does no damage. Pargi closely misses you.
Okay, then.
It was a potion of curing.
You feel better. Pargi bites you. Pargi claws you. Pargi barely misses you.
It was a potion of mutation.
You feel extremely strange.
You feel genetically stable.
You lose the ability to read scrolls when threatened.
Pargi bites you but does no damage. Pargi misses you. Pargi claws you.
You feel threatened and lose the ability to read scrolls!
It was a potion of might.
You feel very mighty all of a sudden.
You can read scrolls again.
Pargi barely misses you. Pargi claws you.
You feel threatened and lose the ability to read scrolls!
* * * LOW HITPOINT WARNING * * *
Pargi misses you.
You hit Pargi.
Pargi is lightly wounded.
Pargi bites you.
* * * LOW HITPOINT WARNING * * *
Pargi misses you. Pargi claws you.
* * * LOW HITPOINT WARNING * * *
You closely miss Pargi.
Pargi is lightly wounded.
Pargi bites you but does no damage. Pargi claws you.
You die...

# # # #. # # #.# ##
.# #.#####.
#######..# #.......
##≈≈≈≈≈≈..# #.....#.
##≈≈@T.[≈≈# #.....##
#..≈≈≈≈≈≈#####.......
#.÷#########...<...##
#.≈≈≈≈≈≈≈≈≈#.......#
##≈≈≈†.≈≈≈≈..#######
########.≈..# ######


You could see Pargi.

Vanquished Creatures
  An adder (D:2)
  A worm (D:2)
  A dart slug (D:2)
  4 endoplasms
  6 giant cockroaches
  2 goblins
  3 hobgoblins
  5 quokkas (D:3)
  3 ball pythons
  A ball python zombie (D:3)
  5 bats
  A frilled lizard (D:2)
  6 kobolds
  3 rats
42 creatures vanquished.

Notes
Turn   | Place    | Note
-------+----------+-------------------------------------------
     0 | D:1      | croobank the Gnoll Conjurer began the quest for the Orb.
     0 | D:1      | Reached XP level 1. HP: 13/13 MP: 6/6
   355 | D:1      | Reached XP level 2. HP: 19/19 MP: 5/7
   386 | D:1      | Learned a level 2 spell: Searing Ray
   546 | D:1      | HP: 1/20 [hobgoblin (2)]
  1250 | D:2      | Found Wohofel's Antique Armour Boutique.
  1264 | D:2      | Reached XP level 3. HP: 9/25 MP: 6/9
  1458 | D:2      | Reached skill level 5 in Spellcasting
  1495 | D:2      | Learned a level 3 spell: Dazzling Flash
  1761 | D:2      | Reached skill level 1 in Invocations
  1883 | D:2      | Found a faded altar of an unknown god.
  2300 | D:3      | Found a shadowy altar of Dithmenos.
  2326 | D:3      | Found Diryih's Antique Weapon Shop.
  2386 | D:3      | Found a glowing drain.
  2393 | D:3      | Reached skill level 1 in Fighting
  2393 | D:3      | Reached skill level 1 in Short Blades
  2393 | D:3      | Reached skill level 1 in Long Blades
  2393 | D:3      | Reached skill level 1 in Axes
  2393 | D:3      | Reached skill level 1 in Maces & Flails
  2393 | D:3      | Reached skill level 1 in Polearms
  2393 | D:3      | Reached skill level 1 in Staves
  2393 | D:3      | Reached skill level 1 in Slings
  2393 | D:3      | Reached skill level 1 in Bows
  2393 | D:3      | Reached skill level 1 in Crossbows
  2393 | D:3      | Reached skill level 1 in Throwing
  2393 | D:3      | Reached skill level 1 in Armour
  2393 | D:3      | Reached skill level 1 in Shields
  2393 | D:3      | Reached skill level 1 in Unarmed Combat
  2393 | D:3      | Reached skill level 1 in Evocations
  2429 | D:3      | Reached XP level 4. HP: 25/32 MP: 3/11
  2432 | Sewer    | Entered a sewer
  2568 | Sewer    | Noticed Pargi
  2592 | D:3      | Gained mutation: You are somewhat resistant to further
                  | mutation. [potion of mutation]
  2592 | D:3      | Gained mutation: You sometimes lose the ability to read
                  | scrolls when taking damage. [potion of mutation]
  2595 | D:3      | Slain by Pargi

Illustrated notes

Levels and vault maps discovered:
D:1:      dpeg_arrival_tiny_a, layout_loops_cross
D:2:      layout_loops_ring, chequers_ecumenical_altar_simple_redux,
          serial_shops, nicolae_square_shop
D:3:      layout_loops_ring, nicolae_dithmenos_shadow_blocks, serial_shops,
          shop_statue, gup_sewer_entry_pipe, serial_undead, serial_undead_c,
          serial_undead_a, serial_undead_e, serial_undead_f,
          minmay_goblin_outpost

Skill      XL: |  1  2  3 |
---------------+----------+-----
Spellcasting   | 5 |  5.0
Invocations    | 1 |  1.1
Fighting       | 1 |  1.0
Short Blades   | 1 |  1.0
Long Blades    | 1 |  1.0
Axes           | 1 |  1.0
Maces & Flails | 1 |  1.0
Polearms       | 1 |  1.0
Staves         | 1 |  1.0
Slings         | 1 |  1.0
Bows           | 1 |  1.0
Crossbows      | 1 |  1.0
Throwing       | 1 |  1.0
Armour         | 1 |  1.0
Shields        | 1 |  1.0
Unarmed Combat | 1 |  1.0
Evocations     | 1 |  1.0
Dodging        | |  4.6
Stealth        | |  4.2
Conjurations   | |  7.1
Hexes          | |  0.7
Summonings     | |  0.7
Necromancy     | |  0.7
Translocations | |  0.7
Transmutations | |  0.7
Fire Magic     | |  0.7
Ice Magic      | |  0.7
Air Magic      | |  0.7
Earth Magic    | |  0.7
Poison Magic   | |  0.7

Action                   |  1- 3 |  4- 6 || total
-------------------------+-------+-------++-------
Melee: Unarmed           |    15 |       ||    15
       Short sword       |    40 |     8 ||    48
       Bite              |     3 |       ||     3
       Punch             |     1 |       ||     1
Throw: Dart              |     4 |       ||     4
 Cast: Magic Dart        |    49 |       ||    49
       Searing Ray       |     9 |     2 ||    11
       Dazzling Flash    |     1 |     2 ||     3
  Use: Scroll            |     3 |       ||     3
       Potion            |       |     3 ||     3
 Stab: Sleeping          |       |     2 ||     2
Armor: Robe              |    18 |     5 ||    23
Dodge: Dodged            |    49 |    34 ||    83
